 Dungeon Crawl Stone Soup version 0.25.1-2-g60ff931df9 (webtiles) character file.

Game seed: 1524175188143864551

63 gruber the Cudgeler (level 3, -2/31 HPs)
             Began as a Minotaur Fighter on Aug 18, 2020.
             Killed from afar by an orc wizard (4 damage)
             ... with a magic dart
             ... on level 2 of the Dungeon.
             The game lasted 00:00:59 (1111 turns).

gruber the Cudgeler (Minotaur Fighter)              Turns: 1111, Time: 00:00:59

Health: -2/31      AC:  6    Str: 21    XL:     3   Next: 89%
Magic:  2/2        EV:  7    Int:  5    God:
Gold:   41         SH:  0    Dex:  9    Spells: 2/2 levels left

rFire    . . .     SeeInvis .   a - +0 flail
rCold    . . .     Gourm    .   c - +0 kite shield
rNeg     . . .     Faith    .   b - +0 scale mail
rPois    .         Spirit   .   (helmet restricted)
rElec    .         Reflect  .   (no cloak)
rCorr    .         Harm     .   (no gloves)
MR       .....                  (no boots)
Stlth    ..........             e - amulet of inaccuracy (curse)
HPRegen  0.10/turn              (no ring)
MPRegen  0.08/turn              (no ring)

@: confused
A: retaliatory headbutt, horns 2
a: no special abilities


You were on level 2 of the Dungeon.
You were not hungry.

You visited 1 branch of the dungeon, and saw 2 of its levels.

You collected 41 gold pieces.

Inventory:

Hand Weapons
 a - a +0 flail (weapon)
Armour
 b - a +0 scale mail (worn)
 c - a +0 kite shield (worn)
Jewellery
 e - a cursed amulet of inaccuracy (around neck)
 g - an uncursed ring of flight {unknown}
Scrolls
 i - a scroll of enchant weapon {unknown}
 j - 3 scrolls of identify {unknown}
Potions
 d - 2 potions of might
Comestibles
 f - a ration
 k - a chunk of flesh


   Skills:
 - Level 3.6 Fighting
 + Level 5.2 Maces & Flails
 - Level 3.6 Armour
 - Level 3.6 Shields


You had 2 spell levels left.
You didn't know any spells.
Your spell library was empty.

Dungeon Overview and Level Annotations

Branches:
Dungeon (2/15)

Altars:
Vehumet


Innate Abilities, Weirdness & Mutations

You reflexively headbutt those who attack you in melee.
You have a pair of horns on your head.


Message History

You completely miss the orc wizard.
The orc wizard is severely wounded.
The orc wizard casts a spell at you.
You are more confused.
You bump into the rock wall.
The orc wizard gestures at you while chanting.
You resist with significant effort.
You barely miss the orc wizard.
The orc wizard is severely wounded.
The orc wizard hits you but does no damage.
The orc wizard gestures at you while chanting.
You are more confused.
You bump into the rock wall.
The orc wizard gestures at you while chanting.
The magic dart hits you.
* * * LOW HITPOINT WARNING * * *
You're too confused to move!
The orc wizard points at you and mumbles some strange words.
The magic dart hits you.
You die...

##.# #..#
###..# #....#
##.##.#
###..##.#
#...###.#
#.### ..# #@#
## #o# . #g#
#. ## ##.#
.b.#.. #..#
._....####.##
#....##.#
#.)....#
#..)...##


You could see an orc wizard and a hobgoblin.

Vanquished Creatures
  An orc priest (D:2)
  An ooze (D:1)
  A dart slug (D:1)
  A leopard gecko (D:1)
  An orc (D:2)
  A ball python (D:1)
  7 bats
  A giant cockroach (D:1)
  A goblin (D:1)
  5 jackals (D:1)
  3 kobolds (D:1)
  3 rats (D:1)
26 creatures vanquished.

Notes
Turn   | Place    | Note
-------+----------+-------------------------------------------
     0 | D:1      | gruber the Minotaur Fighter began the quest for the Orb.
     0 | D:1      | Reached XP level 1. HP: 19/19 MP: 0/0
    93 | D:1      | Reached skill level 3 in Maces & Flails
   229 | D:1      | Reached XP level 2. HP: 24/26 MP: 1/1
   365 | D:1      | Reached skill level 4 in Maces & Flails
   924 | D:1      | Reached XP level 3. HP: 31/31 MP: 2/2
  1064 | D:2      | Found a radiant altar of Vehumet.
  1073 | D:2      | Reached skill level 5 in Maces & Flails
  1111 | D:2      | Killed from afar by an orc wizard

Illustrated notes

Levels and vault maps discovered:
D:1:      minmay_arrival_split_and_join, layout_basic, minmay_misc_feat_x,
          hangedman_decor_points
D:2:      layout_rooms, vehumet_crystals

Skill      XL: |  1  2  3 |
---------------+----------+-----
Maces & Flails | 3 4 5 |  5.2
Fighting       | |  3.6
Armour         | |  3.6
Shields        | |  3.6

Action                   || total
-------------------------++-------
Melee: Flail             ||   104
       Headbutt          ||     6
  Use: Potion            ||     1
  Eat: Chunk             ||     1
Armor: Scale mail        ||    73
Dodge: Dodged            ||    45
Block: Kite shield       ||    80
